 Dungeon Crawl Stone Soup version 0.26-a0-752-gcff87cac9a (webtiles) character file.

Game seed: 9896174262117757004

1296 Delamore the Basher (level 8, -11/49 HPs)
             Began as a Gargoyle Fighter on Nov 6, 2020.
             Was a Follower of Okawaru.
             Mangled by an orc warrior
             ... wielding a +0 flail
              (22 damage)
             ... on level 5 of the Dungeon.
             The game lasted 00:06:27 (6093 turns).

Delamore the Basher (Gargoyle Fighter)              Turns: 6093, Time: 00:06:27

Health: -11/49     AC: 11    Str: 22    XL:     8   Next: 56%
Magic:  8/8        EV:  8    Int: 13    God:    Okawaru [*.....]
Gold:   258        SH: 10    Dex:  9    Spells: 7/7 levels left

rFire    + . .     SeeInvis .   a - +0 flail
rCold    . . .     Faith    .   c - +0 kite shield
rNeg     + + .     Spirit   .   p - +0 ring mail {rN+}
rPois    ∞         Reflect  .   (no helmet)
rElec    +         Harm     .   (no cloak)
rCorr    .         Rampage  .   (no gloves)
MR       .....                  (no boots)
Stlth    +.........             (no amulet)
HPRegen  0.16/turn              i - ring of protection from fire
MPRegen  0.11/turn              u - ring "Ylashrypyva" {Int+4 Stlth+}

@: no status effects
A: negative energy resistance 1, electricity resistance, unbreathing,
petrification resistance, rot immunity, AC +5
a: Heroism, Renounce Religion


You were on level 5 of the Dungeon.
You worshipped Okawaru.
Okawaru was aware of your devotion.
You visited 2 branches of the dungeon, and saw 7 of its levels.
You also visited: Ossuary.

You collected 363 gold pieces.
You spent 105 gold pieces at shops.

Inventory:

Hand Weapons
 a - a +0 flail (weapon)
Missiles
 t - 4 poisoned darts (quivered)
Armour
 c - a +0 kite shield (worn)
 p - a +0 ring mail of positive energy (worn)
 q - a +0 plate armour
Jewellery
 i - a ring of protection from fire (left hand)
 n - an uncursed ring of flight
 u - the ring "Ylashrypyva" (right hand) {Int+4 Stlth+}
   (You found it on level 3 of the Dungeon)

   [ring of stealth]

   It affects your intelligence (+4).
   It makes you more stealthy.
Scrolls
 e - a scroll of amnesia
 g - a scroll of teleportation
 h - 2 scrolls of random uselessness
 k - a scroll of magic mapping
 m - 2 scrolls of fear
 o - 2 scrolls of enchant weapon {unknown}
 r - a scroll of immolation
 s - a scroll of noise {unknown}
 y - a scroll of vulnerability {unknown}
 A - a scroll of enchant armour {unknown}
 C - a scroll of acquirement {unknown}
 E - a scroll of fog
Potions
 b - 2 potions of degeneration {unknown}
 d - a potion of might
 f - a potion of resistance
 j - 3 potions of flight {unknown}
 w - a potion of magic {unknown}
 x - a potion of brilliance {unknown}
 z - 2 potions of haste {unknown}
 D - a potion of curing
 F - a potion of attraction {unknown}


   Skills:
 - Level 5.0 Fighting
 + Level 9.1 Maces & Flails
 - Level 3.2 Armour
 - Level 5.0 Shields


You had 7 spell levels left.
You didn't know any spells.
Your spell library was empty.

Dungeon Overview and Level Annotations

Branches:
Dungeon (6/15)             Temple (1/1) D:4         Ossuary (visited)

Altars:
Ashenzari
Cheibriados
Elyvilon
Gozag
Kikubaaqudgha
Makhleb
Okawaru
Qazlal
Ru
Sif Muna
Uskayaw
Vehumet
Wu Jian
Xom
Zin
The Shining One

Shops:
D:5 }**


Innate Abilities, Weirdness & Mutations

You are resistant to torment.
Your stone body is resilient. (AC +5)
You are immune to poison.
You resist negative energy. (rN+)
You are resistant to electric shocks. (rElec)
You can survive without breathing.
You are immune to petrification.
You are immune to rotting.


Message History

The orc wizard blinks!
The orc warrior hits you with a +0 flail.
The orc wizard casts a spell.
The orc wizard blinks!
Your shield and ring mail prevent you from hitting the scorpion.
The orc warrior hits you with a +0 flail!
The scorpion stings you.
* * * LOW HITPOINT WARNING * * *
You are too injured to fight recklessly!
The orc wizard mumbles some strange words.
The orc wizard seems to speed up.
The scorpion stings you.
* * * LOW HITPOINT WARNING * * *
The orc warrior hits you but does no damage.
You climb upwards.
There is a stone staircase leading down here.
The orc warrior barely misses you. You block the orc warrior's attack.
You hit the orc warrior but do no damage.
The orc warrior hits you with a +0 flail!!
You die...

..###....#...#......## ##.......
### #..#.............## ########
#....#.#.#.#.#....### #
##.............#....#### ##
#.......#...#...#(....##### .##
#.#..#..........##..###...## #.#
#.........#.#.#.##### ####.#
#.## ###...##....#....# #.#
##.######..##...@os...# ##.#
#..........#....###..########..#
##..)........#### #>###..∩......
# ##......##### #.# #...###... #
##...### #.# #.### #...
####...## ##.###..####...
.##....# ######...#..........
.......# #...................
.......# ##.######............


You could see an orc warrior and a scorpion.

Vanquished Creatures
  2 ice beasts
  An ogre (D:5)
  An elf zombie (Ossuary)
  A bullfrog (D:6)
  A scorpion (D:3)
  4 centaur zombies (Ossuary)
  A jelly (D:5)
  7 human zombies (Ossuary)
  An orc priest (D:4)
  A hound (D:4)
  2 orc wizards (D:4)
  4 worker ants
  3 mummies (Ossuary)
  A gnoll (D:4)
  A howler monkey skeleton (D:5)
  4 adders
  A shadow imp (D:3)
  A white imp (D:5)
  2 oozes
  2 worms (D:3)
  5 dart slugs
  4 leopard geckos
  19 orcs
  6 bats
  6 giant cockroaches
  9 goblins
  10 hobgoblins
  3 jackals (D:2)
  10 kobolds
  6 quokkas
  4 ball pythons
  4 frilled lizards
  A jackal skeleton (D:5)
  A leopard gecko zombie (D:5)
  8 rats
137 creatures vanquished.

Vanquished Creatures (others)
  A plant (D:6)
  2 withered plants (D:6)
3 creatures vanquished.

Grand Total: 140 creatures vanquished

Notes
Turn   | Place    | Note
-------+----------+-------------------------------------------
     0 | D:1      | Delamore the Gargoyle Fighter began the quest for the Orb.
     0 | D:1      | Reached XP level 1. HP: 14/14 MP: 1/1
   163 | D:1      | Reached XP level 2. HP: 18/19 MP: 2/2
   530 | D:1      | Reached XP level 3. HP: 21/24 MP: 3/3
  1152 | D:2      | Found a glowing silver altar of Zin.
  1500 | D:2      | Reached XP level 4. HP: 29/29 MP: 4/4
  1646 | D:2      | Found a shimmering blue altar of Sif Muna.
  1962 | D:3      | Reached skill level 3 in Maces & Flails
  2035 | D:3      | Found a faded altar of an unknown god.
  2306 | D:3      | Found a sacrificial altar of Ru.
  2544 | D:3      | Reached XP level 5. HP: 31/34 MP: 5/5
  2740 | D:3      | Got a faintly glowing turquoise ring
  2741 | D:3      | Identified the ring "Ylashrypyva" {Int+4 Stlth+} (You found
                  | it on level 3 of the Dungeon)
  2844 | D:4      | Found a snail-covered altar of Cheibriados.
  2957 | D:4      | Reached skill level 5 in Fighting
  2957 | D:4      | Reached skill level 5 in Shields
  2957 | D:4      | Reached XP level 6. HP: 38/40 MP: 6/6
  2961 | D:4      | Reached skill level 4 in Maces & Flails
  3185 | D:4      | Found a hide-covered altar of Uskayaw.
  3185 | D:4      | Noticed a +0 hand axe
  3186 | D:4      | Noticed a +0 hand axe
  3208 | D:4      | Reached skill level 5 in Maces & Flails
  3382 | D:4      | Found a staircase to the Ecumenical Temple.
  3389 | Temple   | Entered the Ecumenical Temple
  3575 | Temple   | Became a worshipper of Warmaster Okawaru
  3734 | D:5      | Entered Level 5 of the Dungeon
  3741 | D:5      | Found a sand-covered staircase.
  3746 | Ossuary  | Entered an ossuary
  3757 | Ossuary  | Reached XP level 7. HP: 44/44 MP: 7/7
  3781 | Ossuary  | Reached skill level 6 in Maces & Flails
  4275 | Ossuary  | Reached skill level 7 in Maces & Flails
  4540 | Ossuary  | Reached XP level 8. HP: 28/49 MP: 8/8
  4558 | Ossuary  | Reached * piety under Okawaru
  4716 | D:5      | Found Serchumok's Gadget Shop.
  4769 | D:5      | Found Puall's General Store.
  4803 | D:5      | Bought a scroll of random uselessness for 11 gold pieces
  4964 | D:5      | Reached skill level 8 in Maces & Flails
  5005 | D:5      | Found Abexieby's Assorted Antiques.
  5013 | D:5      | Bought an inky potion for 22 gold pieces
  5013 | D:5      | Bought a scroll labeled WUPLILL XUKHLOR for 25 gold pieces
  5013 | D:5      | Bought a scroll labeled DOGOUCR MIVARE for 25 gold pieces
  5013 | D:5      | Bought a red potion for 22 gold pieces
  6083 | D:6      | Reached skill level 9 in Maces & Flails
  6093 | D:5      | Mangled by an orc warrior

Illustrated notes

Levels and vault maps discovered:
D:1:      lightli_arrival_statue_moat, layout_loops_corners
D:2:      layout_loops_cross, led_sif_pool, zin_treasury
D:3:      minmay_octagon_keep, layout_basic, lemuel_doored_altar,
          chequers_ecumenical_altar_simple
D:4:      layout_rooms, kennysheep_slug_shrine, dancing_weapons_uskayaw,
          minmay_temple_entry_nine_rooms, st_stairs_13
D:5:      layout_layer_cave, enter_ossuary_2, serial_shops, shop,
          nicolae_shop_temple_entry_statues_fountains, shop,
          hangedman_decor_lopped
D:6:      layout_basic, chequers_temple_overflow_minitemple,
          gammafunk_ghost_cemetery, serial_bayou_pond_a, uniq_edmund
Temple:   minmay_temple_curvy_loop

Skill      XL: |  1  2  3  4  5  6  7  8 |
---------------+-------------------------+-----
Fighting       | 4 5 |  5.0
Shields        | 4 5 |  5.0
Maces & Flails | 3 5 7 9 |  9.1
Armour         | |  3.2

Action                   |  1- 3 |  4- 6 |  7- 9 || total
-------------------------+-------+-------+-------++-------
Melee: Flail             |   114 |   292 |   256 ||   662
Throw: Dart              |       |       |     1 ||     1
  Use: Potion            |       |     4 |     1 ||     5
       Scroll            |       |     2 |     6 ||     8
Armor: Scale mail        |    70 |    57 |    95 ||   222
       Ring mail         |       |   112 |    17 ||   129
Dodge: Dodged            |    44 |   129 |    76 ||   249
Block: Kite shield       |    64 |   208 |   106 ||   378

Table legend: (Time is in decaauts)
 A = Elapsed time spent in this place.
 B = Non-inter-level travel time spent in this place.
 C = Inter-level travel time spent in this place.
 D = Time resting spent in this place.
 E = Time spent auto-exploring this place.
 F = Levels seen in this place.
 G = Mean time per level.
                   A        B        C        D        E       F      G
               +--------+--------+--------+--------+--------+-----+--------+
         Total |   6251 |   6004 |    247 |    732 |   3983 |   8 |  781.4 |
       Dungeon |   4971 |   4831 |    140 |    239 |   3566 |   6 |  828.5 |
        Temple |    296 |    189 |    107 |      0 |    181 |   1 |  296.0 |
       Ossuary |    982 |    982 |      0 |    493 |    236 |   1 |  982.0 |
               +--------+--------+--------+--------+--------+-----+--------+

Top non-repeatable levels by time:
     D:3: 1145 daAuts
     D:5: 1116 daAuts
     D:1: 1015 daAuts
 Ossuary: 982 daAuts
     D:2: 773 daAuts
     D:4: 631 daAuts
  Temple: 296 daAuts
     D:6: 290 daAuts
